 Dungeon Crawl Stone Soup version 0.32-a0-163-g159c032296 (webtiles) character file.

Game seed: 8835464444019786231

1383 anacleto the Skirmisher (level 8, -1/37 HPs)
             Began as a Spriggan Hunter on Feb 11, 2024.
             Slain by a wyvern (5 damage)
             ... on level 5 of the Dungeon.
             The game lasted 00:15:54 (5252 turns).

anacleto the Skirmisher (Spriggan Hunter)           Turns: 5252, Time: 00:15:55

Health: -1/37      AC:  5    Str:  7    XL:     8   Next: 40%
Magic:  9/9        EV: 18    Int: 10    God:
Gold:   258        SH:  5    Dex: 21    Spells: 7/7 levels left

rFire   . . .        a - +0 shortbow
rCold   . . .        (shield currently unavailable)
rNeg    . . .        c - +0 robe
rPois   .            (helmet restricted)
rElec   .            q - +2 cloak
rCorr   .            (gloves unavailable)
SInv    +            (boots unavailable)
Will    ++...        u - amulet of reflection
Stlth   ++           (no ring)
HPRegen 0.26/turn    (no ring)
MPRegen 0.11/turn

%: reflection
@: enlightened, flying, very quick
A: very small, no large weapons, unfitting armour, see invisible, speed 3
a: no special abilities


You were on level 5 of the Dungeon.
You visited 2 branches of the dungeon, and saw 7 of its levels.

You collected 258 gold pieces.

Inventory:

Hand Weapons
 a - a +0 shortbow (weapon)
 b - a +2 hand axe of flaming
Armour
 c - a +0 robe (worn)
 q - a +2 cloak (worn)
Jewellery
 m - a +6 ring of intelligence
 t - a ring of resist corrosion
 u - an amulet of reflection (around neck)
Wands
 p - a wand of flame (35)
Scrolls
 d - 3 scrolls of identify {unknown}
 g - a scroll of enchant weapon {unknown}
 h - a scroll of fear {unknown}
 i - a scroll of teleportation {unknown}
 j - a scroll of fog {unknown}
 l - a scroll of brand weapon {unknown}
 n - 2 scrolls of enchant armour {unknown}
 r - a scroll of blinking {unknown}
 s - a scroll of butterflies
Potions
 e - a potion of lignification {unknown}
 f - 2 potions of attraction {unknown}
 k - 2 potions of curing {unknown}
 o - 2 potions of enlightenment


   Skills:
 - Level 1.5 Fighting
 + Level 11.1 Ranged Weapons
 - Level 2.6 Dodging
 - Level 1.5 Stealth


You had 7 spell levels left.
You didn't know any spells.
Your spell library contained the following spells:

 Spells                   Type           Power      Damage    Failure   Level
 Apportation              Tloc           0%         N/A       36%         1
 Magic Dart               Conj           0%         1d3       36%         1
 Necrotise                Necr           0%         1d4       36%         1
 Slow                     Hex            0%         N/A       36%         1
 Sting                    Conj/Alch      0%         1d3       36%         1
 Summon Small Mammal      Summ           0%         N/A       36%         1
 Blink                    Tloc           0%         N/A       50%         2
 Call Imp                 Summ           0%         N/A       50%         2
 Mercury Vapours          Alch/Air       0%         N/A       50%         2
 Confusing Touch          Hex            0%         N/A       75%         3
 Mephitic Cloud           Conj/Alch/Air  0%         N/A       75%         3
 Sigil of Binding         Hex            0%         N/A       75%         3
 Vampiric Draining        Necr           0%         2d6       75%         3
 Freezing Cloud           Conj/Ice/Air   0%         6-21      100%        5


Dungeon Overview and Level Annotations

Branches:
Dungeon (6/15)             Temple (1/1) D:5

Altars:
Ashenzari
Dithmenos
Gozag
Kikubaaqudgha
Makhleb
Nemelex Xobeh
Okawaru
Sif Muna
Trog
Uskayaw
Vehumet
Wu Jian
Yredelemnul
Zin
The Shining One


Innate Abilities, Weirdness & Mutations

You are very small and have problems with some larger weapons.
You are too small for most types of armour.
You have supernaturally acute eyesight. (SInv)
You cover ground extremely quickly. (Speed+++)


Message History

Aim: a wyvern (lightly wounded, 67% to hit)
You shoot an arrow. The arrow hits the wyvern.
The wyvern is lightly wounded.
Fire: a) +0 shortbow
Press: ? - help, Q - select action, (/) - cycle Shift-Dir - straight line, f/p - wyvern
Aim: a wyvern (lightly wounded, 67% to hit)
You shoot an arrow.
The arrow hits the wyvern but does no damage.
The wyvern is lightly wounded.
Fire: a) +0 shortbow
Press: ? - help, Q - select action, (/) - cycle Shift-Dir - straight line, f/p - wyvern
Aim: a wyvern (lightly wounded, 67% to hit)
You shoot an arrow. The arrow hits the wyvern.
The wyvern is moderately wounded.
The wyvern barely misses you. The wyvern closely misses you.
Your +2 hand axe of flaming bursts into flame!
b - a +2 hand axe of flaming (weapon)
You hit the wyvern. You burn the wyvern.
The wyvern is heavily wounded.
The wyvern bites you! The wyvern closely misses you.
You completely miss the wyvern.
The wyvern is heavily wounded.
The wyvern bites you. You block the wyvern's attack.
You barely miss the wyvern.
The wyvern is heavily wounded.
The wyvern bites you. The wyvern barely misses you.
You hit the wyvern but do no damage.
The wyvern is heavily wounded.
The wyvern barely misses you. The wyvern bites you!
You hit the wyvern but do no damage.
The wyvern is heavily wounded.
The wyvern bites you. The wyvern bites you!
* * * LOW HITPOINT WARNING * * *
Your +2 hand axe of flaming stops flaming.
a - a +0 shortbow (weapon)
The wyvern completely misses you.
It was a potion of enlightenment.
You feel very buoyant.
You fly up into the air.
The wyvern bites you.
You die...

#......#......#.....# #....#
#......#......#.....# #....#
#.>....####'###.....######...#
..................###.#..#...#
..................#....#.....#
..................#....#.....#
..................#....+.....#
..................#....#.....#
................@)##########'##
'##########....k..............#
..........#...................#
..........#.........[.........#
..........#...................#
###########.........)...)..<..#
...........######+####........#
...........# #.....'........#
...........# #.....#........#


You could see a wyvern.

Vanquished Creatures
  Eustachio (D:4)
  3 ogres
  A black bear (D:5)
  2 scorpions
  2 bombardier beetles (D:4)
  A hound (D:5)
  2 orc priests
  A gnoll bouda (D:5)
  Jessica (D:3)
  Ijyb (D:3)
  3 iguanas (D:5)
  Natasha (twice) (D:4)
  6 orc wizards
  6 gnolls
  9 adders
  A ribbon worm (D:2)
  6 dart slugs
  20 orcs
  2 bats (D:1)
  7 endoplasms
  5 giant cockroaches
  5 goblins
  10 hobgoblins
  4 jackals (D:2)
  10 quokkas
  6 ball pythons
  3 frilled lizards (D:3)
  4 kobolds
  4 rats
128 creatures vanquished.

Notes
Turn   | Place    | Note
-------+----------+-------------------------------------------
     0 | D:1      | anacleto the Spriggan Hunter began the quest for the Orb.
     0 | D:1      | Reached XP level 1. HP: 10/10 MP: 2/2
   234 | D:1      | Reached XP level 2. HP: 14/14 MP: 3/3
   393 | D:1      | Reached skill level 5 in Ranged Weapons
   401 | D:1      | Reached XP level 3. HP: 18/18 MP: 4/4
  1164 | D:2      | Found an iron altar of Okawaru.
  1167 | D:2      | Reached XP level 4. HP: 22/22 MP: 5/5
  1608 | D:3      | Noticed Jessica
  1654 | D:3      | Killed Jessica
  1655 | D:3      | Reached skill level 6 in Ranged Weapons
  1777 | D:3      | Found a bloodstained altar of Trog.
  1813 | D:3      | Reached XP level 5. HP: 25/25 MP: 6/6
  1991 | D:3      | Noticed Ijyb
  2001 | D:3      | Killed Ijyb
  2326 | D:4      | Noticed Natasha
  2350 | D:4      | Killed Natasha
  2351 | D:4      | Reached skill level 7 in Ranged Weapons
  2422 | D:4      | Reached XP level 6. HP: 30/30 MP: 7/7
  2680 | D:4      | Noticed Natasha
  2695 | D:4      | Killed Natasha
  2961 | D:4      | Reached skill level 8 in Ranged Weapons
  3132 | D:4      | Reached XP level 7. HP: 10/33 MP: 8/8
  3614 | D:5      | Entered Level 5 of the Dungeon
  3621 | D:5      | Noticed Eustachio
  3702 | D:4      | Killed Eustachio
  3703 | D:4      | Reached skill level 9 in Ranged Weapons
  4386 | D:5      | Reached skill level 10 in Ranged Weapons
  4467 | D:5      | Found a staircase to the Ecumenical Temple.
  4472 | Temple   | Entered the Ecumenical Temple
  4582 | D:5      | Reached XP level 8. HP: 29/37 MP: 9/9
  5085 | D:5      | Reached skill level 11 in Ranged Weapons
  5252 | D:5      | Slain by a wyvern

Illustrated notes

Levels and vault maps discovered:
D:1:      lemuel_arrival_room, layout_loops_ring
D:2:      wad_woods_stonehenge, layout_basic
D:3:      layout_rooms, mainiacjoe_overflow_alcove_1, uniq_jessica, uniq_ijyb
D:4:      layout_layer_cave, guppyfry_early_orc_mine, uniq_natasha
D:5:      layout_gridville, minmay_temple_entry_glassed_door, uniq_eustachio
D:6:      layout_basic, mainiacjoe_overflow_alcove_4, small_statue_intersection
Temple:   nicolae_temple_two_arcs

Skill      XL: |  1  2  3  4  5  6  7  8 |
---------------+-------------------------+-----
Ranged Weapons | 5 6 7 8 10 11 | 11.1
Fighting       | |  1.5
Dodging        | |  2.6
Stealth        | |  1.5

Action                     |  1- 3 |  4- 6 |  7- 9 || total
---------------------------+-------+-------+-------++-------
  Melee: Shortbow          |       |     1 |       ||     1
         Hand axe          |       |       |    11 ||    11
   Fire: Shortbow          |   109 |   198 |   206 ||   513
    Use: Potion            |       |       |     1 ||     1
 Armour: Robe              |     9 |    16 |    34 ||    59
  Dodge: Dodged            |    15 |    44 |    61 ||   120
  Block: Other             |       |       |     6 ||     6

Table legend: (Time is in decaauts)
 A = Elapsed time spent in this place.
 B = Non-inter-level travel time spent in this place.
 C = Inter-level travel time spent in this place.
 D = Time resting spent in this place.
 E = Time spent auto-exploring this place.
 F = Levels seen in this place.
 G = Mean time per level.
                   A        B        C        D        E       F      G
               +--------+--------+--------+--------+--------+-----+--------+
         Total |   3657 |   3536 |    121 |    386 |   1962 |   7 |  522.4 |
       Dungeon |   3614 |   3493 |    121 |    386 |   1962 |   6 |  602.3 |
        Temple |     42 |     42 |      0 |      0 |      0 |   1 |   42.0 |
               +--------+--------+--------+--------+--------+-----+--------+

Top non-repeatable levels by time:
     D:4: 1162 daAuts
     D:5: 745 daAuts
     D:2: 614 daAuts
     D:3: 556 daAuts
     D:1: 395 daAuts
     D:6: 139 daAuts
  Temple: 42 daAuts
